 Dungeon Sprint DCSS version 0.28.0-43-g3370ac3207 (webtiles) character file.

Game seed: 10200618894614741655

15400000 smarlow the Archmage (level 27, -107/228 HPs)
             Began as a Djinni Warper on Mar 9, 2022.
             Was the Champion of Makhleb.
             Annihilated by a fleshlord
             ... wielding a +9 great mace
              (335 damage)
             ... in the Dungeon (Sprint VIII: "Arena of Blood").
             The game lasted 00:05:37 (154 turns).

smarlow the Archmage (Djinni Warper)                 Turns: 154, Time: 00:05:38

Health: -107/228   AC:  6    Str: 20    XL:     27
Gold:   0          EV: 27    Int: 17    God:    Makhleb [******] SH:  0 Dex: 15

rFire   + + .      SeeInvis +   i - +∞ Axe of Woe
rCold   x . .      Faith    .   (shield currently unavailable)
rNeg    . . .      Spirit   .   b - +0 leather armour
rPois   ∞          Reflect  .   (no helmet)
rElec   .          Harm     .   (no cloak)
rCorr   .          Rampage  .   (no gloves)
Will    ++...      NoTele   +   (boots unavailable)
Stlth   +++.......              (no amulet)
HPRegen 0.48/turn               g - ring of see invisible
MPRegen 0.00/turn               (no ring)

@: flying
A: sickness immunity, fire resistance 2, cold vulnerability 1, float, innate
caster, HP casting, extra vitality 1
0: Orb of Zot
a: Renounce Religion, Minor Destruction, Lesser Servant of Makhleb, Major
Destruction, Greater Servant of Makhleb


You were in the Dungeon.
You worshipped Makhleb.
Makhleb was exalted by your worship.
You visited 1 branch

Inventory:

Hand Weapons
 a - a +0 hand axe
 i - the +∞ Axe of Woe (weapon)
   (You found it in the Dungeon)
Missiles
 d - 5 boomerangs of dispersal
Armour
 b - a +0 leather armour (worn)
Jewellery
 g - a ring of see invisible (left hand)
Scrolls
 c - 2 scrolls of blinking
Potions
 e - a potion of curing
 f - a potion of heal wounds
 h - a potion of berserk rage


   Skills:
 O Level 27 Fighting
 O Level 27 Short Blades
 O Level 27 Long Blades
 O Level 27 Axes
 O Level 27 Maces & Flails
 O Level 27 Polearms
 O Level 27 Staves
 O Level 27 Slings
 O Level 27 Bows
 O Level 27 Crossbows
 O Level 27 Throwing
 O Level 27 Armour
 O Level 27 Dodging
 O Level 27 Stealth
 O Level 27 Shields
 O Level 27 Unarmed Combat
 O Level 27 Spellcasting
 O Level 27 Invocations
 O Level 27 Evocations


You couldn't memorise any spells.
You knew the following spells:

 Your Spells              Type           Power      Damage    Failure   Level
a - Blink                 Tloc           100%       N/A       0%          2
b - Lesser Beckoning      Tloc           86%        N/A       0%          3
c - Gell's Gravitas       Tloc           86%        N/A       0%          3
d - Teleport Other        Tloc           86%        N/A       0%          3
e - Manifold Assault      Tloc           86%        N/A       0%          5
f - Summon Small Mammal   Summ           100%       N/A       0%          1
g - Scorch                Fire           100%       2d10      0%          2
h - Portal Projectile     Hex/Tloc       100%       N/A       0%          3
i - Confusing Touch       Hex            86%        N/A       0%          3
j - Fireball              Conj/Fire      43%        3d17      0%          5
k - Irradiate             Conj/Tmut      43%        3d28      0%          5
l - Dispersal             Tloc           43%        N/A       0%          6
m - Conjure Ball Lightni  Conj/Air       43%        3x3d15    0%          6
n - Starburst             Conj/Fire      43%        6d12      0%          6
o - Dragon Form           Tmut           43%        N/A       1%          7
p - Orb of Destruction    Conj           43%        9d12      1%          7
q - Polar Vortex          Ice            43%        N/A       2%          9
r - Chain Lightning       Conj/Air       43%        3d57      2%          9
Your spell library was empty.

Dungeon Overview and Level Annotations

Branches:
Dungeon (1/1)

Altars:
Makhleb


Innate Abilities, Weirdness & Mutations

You are immune to sickness and miasma.
You are immune to poison.
Your flesh is very heat resistant. (rF++)
You are vulnerable to cold. (rC-)
You float through the air rather than walking.
You learn spells naturally, not from books.
Your magical power is your life essence.
You have superior vitality. (+4 MHP)


Message History

The bolt of fire hits the fleshlord.
The fleshlord completely resists.
The bolt of fire misses you.
You hear a shout!
A scourge comes into view.
You hear a shout! x3
An eight-headed meat hydra comes into view.
The eight-headed meat hydra moves out of view.
The scourge hisses angrily.
An Orb Guardian comes into view.
An eight-headed meat hydra comes into view.
The eight-headed meat hydra roars!
You hear a roar!
You hear a shout!
A meat berserker comes into view. It is wielding a +9 battleaxe.
You hear a shout! x2
The destroyer casts a spell at you.
The destroyer blinks!
You hear a shout!
The bag of meat hits you with a +9 war axe!!!
The bag of meat is engulfed in blazing flames.
An observer comes into view.
The eight-headed meat hydra moves out of view.
You hear a shout!
There is a staircase leading out of the dungeon here.
Space momentarily warps into an impossible shape!
You hit the destroyer but do no damage.
You pulverise the destroyer into a thin bloody mist.
You destroy the destroyer!
Makhleb accepts your kill.
You feel better.
You slice the observer!!
You pulverise the observer into a thin bloody mist.
You kill the observer!
Makhleb accepts your kill.
You feel better.
You slice the scourge!!
You slaughter the scourge joyfully.
You kill the scourge!
Makhleb accepts your kill.
You hear a shout! x2
A bag of meat comes into view. It is wielding a +9 war axe.
A fleshlord comes into view. It is wielding a +9 great mace.
The fleshlord hits you with a +9 great mace!!!!!!
Ouch! That really hurt!
You die...

.) )) #.) .)# #))
..# ))o###)).
).###)
..p)O..)###).).))
#..)....._..)))
..)).)#.o)..# ..
.....)#_o@p_#...)
......#.p.).#....
#.....))2_X.WG§GS
.......)###†..§)§
..)###.)).)O)###§
.)..#)...)..#...
§☼○.#..)....#...
.)§))......))...
°))).........D.)


You could see a meat beast (fast), an Orb Guardian, an observer (fast,
invisible), 3 fleshlords, a wretched soul (invisible, slow), 2 meat berserkers
and 3 bags of meat.

Vanquished Creatures
  Dispater (D)
  8 hell knights (D)
  16 hell beasts (D)
  13 royal mummies (D)
  10 great orbs of eyes (D)
  7 wraiths (D)
  12 vampire knights (D)
  50 ogres (D)
  9 two-headed ogres (D)
  8 liches (D)
  12 hydras (D)
  77 orcs (D)
  6 phantoms (D)
  8 skeletal warriors (D)
  12 sea snakes (D)
249 creatures vanquished.

Notes
Turn   | Place    | Note
-------+----------+-------------------------------------------
     0 | D        | Found the +∞ Axe of Woe
     0 | D        | smarlow the Djinni Warper began the quest for the Orb.
     0 | D        | Reached XP level 1. HP: 18/18 MP: 0/0
     1 | D        | Noticed a bag of meat
     3 | D        | Became a worshipper of Makhleb the Destroyer
     3 | D        | Noticed a bag of meat
     8 | D        | Killed a bag of meat
     9 | D        | Reached skill level 10 in Dodging
     9 | D        | Reached skill level 15 in Spellcasting
     9 | D        | Reached XP level 2. HP: 34/34 MP: 0/0
     9 | D        | Reached XP level 3. HP: 40/40 MP: 0/0
     9 | D        | Learned a level 1 spell: Summon Small Mammal
     9 | D        | Reached XP level 4. HP: 45/45 MP: 0/0
     9 | D        | Reached XP level 5. HP: 50/50 MP: 0/0
     9 | D        | Learned a level 2 spell: Scorch
     9 | D        | Reached XP level 6. HP: 57/57 MP: 0/0
     9 | D        | Reached XP level 7. HP: 61/61 MP: 0/0
     9 | D        | Learned a level 3 spell: Portal Projectile
     9 | D        | Reached XP level 8. HP: 67/67 MP: 0/0
     9 | D        | Reached XP level 9. HP: 73/73 MP: 0/0
     9 | D        | Learned a level 3 spell: Confusing Touch
     9 | D        | Reached XP level 10. HP: 78/78 MP: 0/0
     9 | D        | Reached XP level 11. HP: 84/84 MP: 0/0
     9 | D        | Learned a level 5 spell: Fireball
     9 | D        | Killed a bag of meat
     9 | D        | Noticed a bag of meat
     9 | D        | Noticed a bag of meat
     9 | D        | Noticed a bag of meat
    10 | D        | Reached skill level 10 in Fighting
    10 | D        | Reached skill level 10 in Axes
    10 | D        | Reached XP level 12. HP: 87/93 MP: 0/0
    10 | D        | Killed a bag of meat
    10 | D        | Reached * piety under Makhleb
    10 | D        | Killed a bag of meat
    10 | D        | Killed a bag of meat
    10 | D        | Reached ** piety under Makhleb
    10 | D        | Noticed a meat berserker
    10 | D        | Noticed a bag of meat
    11 | D        | Reached XP level 13. HP: 103/103 MP: 0/0
    11 | D        | Learned a level 5 spell: Irradiate
    11 | D        | Reached XP level 14. HP: 110/110 MP: 0/0
    11 | D        | Killed a meat berserker
    11 | D        | Killed a bag of meat
    12 | D        | Reached skill level 15 in Axes
    12 | D        | Reached skill level 5 in Throwing
    12 | D        | Reached skill level 5 in Armour
    12 | D        | Reached XP level 15. HP: 118/118 MP: 0/0
    12 | D        | Learned a level 6 spell: Dispersal
    12 | D        | Noticed a meat berserker
    12 | D        | Noticed a meat berserker
    13 | D        | Killed a meat berserker
    13 | D        | Reached *** piety under Makhleb
    14 | D        | Reached XP level 16. HP: 129/129 MP: 0/0
    14 | D        | Killed a meat berserker
    14 | D        | Reached **** piety under Makhleb
    14 | D        | Noticed a meat berserker
    15 | D        | Reached skill level 27 in Spellcasting
    15 | D        | Reached XP level 17. HP: 142/142 MP: 0/0
    15 | D        | Learned a level 6 spell: Conjure Ball Lightning
    15 | D        | Reached ***** piety under Makhleb
    15 | D        | Killed a meat berserker
    15 | D        | Noticed a meat berserker
    16 | D        | Killed a meat berserker
    17 | D        | Reached skill level 27 in Axes
    17 | D        | Reached XP level 18. HP: 163/163 MP: 0/0
    19 | D        | Reached skill level 27 in Fighting
    19 | D        | Reached XP level 19. HP: 174/174 MP: 0/0
    19 | D        | Learned a level 6 spell: Starburst
    19 | D        | Reached ****** piety under Makhleb
    20 | D        | Reached skill level 10 in Armour
    20 | D        | Noticed a large bag of meat
    21 | D        | Killed a large bag of meat
    21 | D        | Noticed a meat berserker
    22 | D        | Reached skill level 15 in Throwing
    22 | D        | Reached skill level 27 in Dodging
    22 | D        | Noticed a destroyer
    23 | D        | Killed a meat berserker
    24 | D        | Reached XP level 20. HP: 181/181 MP: 0/0
    25 | D        | Killed a destroyer
    25 | D        | Noticed a meat berserker
    25 | D        | Noticed a meat berserker
    26 | D        | Reached skill level 27 in Throwing
    26 | D        | Reached skill level 27 in Armour
    26 | D        | Reached XP level 21. HP: 187/187 MP: 0/0
    26 | D        | Learned a level 7 spell: Dragon Form
    26 | D        | Killed a meat berserker
    26 | D        | Killed a meat berserker
    27 | D        | Reached XP level 22. HP: 194/194 MP: 0/0
    27 | D        | Noticed a large bag of meat
    27 | D        | Noticed a meat berserker
    28 | D        | Noticed a destroyer
    28 | D        | Killed a large bag of meat
    28 | D        | Killed a meat berserker
    28 | D        | Killed a destroyer
    28 | D        | Noticed an eight-headed meat hydra
    29 | D        | Reached skill level 10 in Short Blades
    29 | D        | Reached skill level 10 in Long Blades
    29 | D        | Reached skill level 10 in Staves
    29 | D        | Reached skill level 10 in Stealth
    29 | D        | Reached skill level 10 in Shields
    29 | D        | Reached skill level 10 in Unarmed Combat
    29 | D        | Reached skill level 10 in Invocations
    29 | D        | Reached skill level 10 in Evocations
    29 | D        | Killed a nine-headed meat hydra
    30 | D        | Reached skill level 10 in Maces & Flails
    30 | D        | Reached skill level 10 in Polearms
    30 | D        | Reached skill level 10 in Slings
    30 | D        | Reached skill level 10 in Bows
    30 | D        | Reached skill level 10 in Crossbows
    30 | D        | Reached XP level 23. HP: 201/201 MP: 0/0
    30 | D        | Learned a level 7 spell: Orb of Destruction
    33 | D        | Noticed a large bag of meat
    34 | D        | Killed a large bag of meat
    38 | D        | Noticed a destroyer
    39 | D        | Noticed a destroyer
    39 | D        | Killed a destroyer
    40 | D        | Reached XP level 24. HP: 203/208 MP: 0/0
    42 | D        | Killed a destroyer
    43 | D        | Reached skill level 15 in Short Blades
    43 | D        | Reached skill level 15 in Long Blades
    43 | D        | Reached skill level 15 in Staves
    43 | D        | Reached skill level 15 in Stealth
    43 | D        | Reached skill level 15 in Shields
    43 | D        | Reached skill level 15 in Unarmed Combat
    43 | D        | Reached skill level 15 in Invocations
    43 | D        | Reached skill level 15 in Evocations
    45 | D        | Noticed an accursed
    45 | D        | Killed an accursed
    46 | D        | Noticed a tyrant
    46 | D        | Killed a tyrant
    47 | D        | Reached skill level 15 in Maces & Flails
    47 | D        | Reached skill level 15 in Polearms
    47 | D        | Reached skill level 15 in Slings
    47 | D        | Reached skill level 15 in Bows
    47 | D        | Reached skill level 15 in Crossbows
    54 | D        | Reached XP level 25. HP: 209/214 MP: 0/0
    54 | D        | Learned a level 9 spell: Polar Vortex
    57 | D        | Noticed a tyrant
    58 | D        | Killed a tyrant
    58 | D        | Noticed a tyrant
    59 | D        | Killed a tyrant
    60 | D        | Reached skill level 27 in Stealth
    60 | D        | Reached XP level 26. HP: 221/221 MP: 0/0
    61 | D        | Noticed a meat beast
    61 | D        | Noticed a dread
    62 | D        | Killed a meat beast
    62 | D        | Killed a dread
    63 | D        | Reached XP level 27. HP: 228/228 MP: 0/0
    63 | D        | Learned a level 9 spell: Chain Lightning
    65 | D        | Noticed a large bag of meat
    65 | D        | Noticed a destroyer
    66 | D        | Killed a destroyer
    66 | D        | Killed a large bag of meat
    68 | D        | Noticed a meat beast
    69 | D        | Killed a meat beast
    70 | D        | Noticed a meat beast
    71 | D        | Noticed a dread
    72 | D        | Killed a dread
    72 | D        | Killed a meat beast
    73 | D        | Reached skill level 27 in Short Blades
    73 | D        | Reached skill level 27 in Long Blades
    73 | D        | Reached skill level 27 in Staves
    73 | D        | Reached skill level 27 in Shields
    73 | D        | Reached skill level 27 in Unarmed Combat
    73 | D        | Reached skill level 27 in Invocations
    73 | D        | Reached skill level 27 in Evocations
    73 | D        | Noticed a dread
    74 | D        | Noticed a meat beast
    74 | D        | Killed a meat beast
    74 | D        | Killed a dread
    75 | D        | Reached skill level 27 in Maces & Flails
    75 | D        | Reached skill level 27 in Polearms
    75 | D        | Reached skill level 27 in Slings
    75 | D        | Reached skill level 27 in Bows
    75 | D        | Reached skill level 27 in Crossbows
    81 | D        | Noticed an accursed
    82 | D        | Killed an accursed
    82 | D        | Noticed a meat beast
    82 | D        | Noticed a meat beast
    82 | D        | Noticed a meat beast
    83 | D        | Killed a meat beast
    83 | D        | Killed a meat beast
    83 | D        | Killed a meat beast
    84 | D        | Noticed a large bag of meat
    85 | D        | Killed a large bag of meat
    85 | D        | Noticed a destroyer
    89 | D        | Noticed a destroyer
    90 | D        | Noticed an accursed
    90 | D        | Noticed an accursed
    90 | D        | Killed an accursed
    90 | D        | Killed a destroyer
    92 | D        | Killed an accursed
    93 | D        | Noticed a tyrant
    93 | D        | Killed a tyrant
    96 | D        | Noticed a destroyer
    97 | D        | Killed a destroyer
    97 | D        | Noticed a meat beast
    98 | D        | Killed a meat beast
   101 | D        | Noticed a tyrant
   102 | D        | Killed a tyrant
   102 | D        | Noticed an accursed
   102 | D        | Noticed an accursed
   102 | D        | Noticed a tyrant
   103 | D        | Killed a tyrant
   103 | D        | Killed an accursed
   104 | D        | Killed an accursed
   107 | D        | Noticed a dread
   107 | D        | Killed a dread
   107 | D        | Noticed an accursed
   108 | D        | Killed an accursed
   108 | D        | Noticed a meat beast
   109 | D        | Noticed a dread
   109 | D        | Killed a dread
   109 | D        | Killed a meat beast
   109 | D        | Noticed a tyrant
   109 | D        | Noticed an accursed
   110 | D        | Killed a tyrant
   110 | D        | Killed an accursed
   110 | D        | Noticed a large bag of meat
   111 | D        | Killed a large bag of meat
   111 | D        | Noticed a dread
   111 | D        | Noticed a destroyer
   112 | D        | Killed a dread
   112 | D        | Killed a destroyer
   112 | D        | Noticed a meat beast
   113 | D        | Noticed an accursed
   114 | D        | Noticed a large bag of meat
   114 | D        | Killed a meat beast
   114 | D        | Killed a large bag of meat
   115 | D        | Killed an accursed
   115 | D        | Noticed an accursed
   116 | D        | Killed an accursed
   119 | D        | Noticed a large bag of meat
   120 | D        | Killed a large bag of meat
   122 | D        | Noticed a fleshlord
   123 | D        | Killed a fleshlord
   125 | D        | Noticed a fleshlord
   126 | D        | Killed a fleshlord
   126 | D        | Noticed a fleshlord
   127 | D        | Killed a fleshlord
   127 | D        | Noticed a fleshlord
   128 | D        | Killed a fleshlord
   129 | D        | Noticed an accursed
   130 | D        | Killed an accursed
   130 | D        | Noticed an accursed
   131 | D        | Killed an accursed
   131 | D        | Noticed a destroyer
   132 | D        | Killed a destroyer
   132 | D        | Noticed a fleshlord
   133 | D        | Killed a fleshlord
   135 | D        | Noticed a meat beast
   136 | D        | Noticed a meat beast
   136 | D        | Killed a meat beast
   137 | D        | Noticed a fleshlord
   137 | D        | Noticed a tyrant
   138 | D        | Noticed a fleshlord
   138 | D        | Killed a tyrant
   139 | D        | Killed a fleshlord
   139 | D        | Killed a fleshlord
   140 | D        | Noticed a meat beast
   140 | D        | Noticed an accursed
   141 | D        | Killed an accursed
   141 | D        | Killed a meat beast
   141 | D        | Noticed a fleshlord
   142 | D        | Killed a fleshlord
   143 | D        | Noticed a meat beast
   145 | D        | Noticed The Meatlord
   145 | D        | Killed The Meatlord
   145 | D        | Noticed a meat beast
   145 | D        | Noticed a meat beast
   146 | D        | Got the Orb of Zot
   146 | D        | Noticed a meat beast
   146 | D        | Noticed a destroyer
   146 | D        | Noticed a large bag of meat
   147 | D        | Noticed a fleshlord
   147 | D        | Noticed a destroyer
   147 | D        | Noticed a fleshlord
   148 | D        | Killed a destroyer
   148 | D        | Killed a large bag of meat
   149 | D        | Killed a meat beast
   149 | D        | Killed a meat beast
   149 | D        | Noticed a dread
   150 | D        | Noticed a destroyer
   150 | D        | Killed a destroyer
   150 | D        | Killed a dread
   151 | D        | Killed a meat beast
   151 | D        | Killed a meat beast
   154 | D        | Killed a destroyer
   154 | D        | Noticed a fleshlord
   154 | D        | Annihilated by a fleshlord

Illustrated notes

Levels and vault maps discovered:
D:        meatsprint

Skill      XL: |  1  2  3  4  5  6  7  8  9 10 11 12 13 14 15 16 17 18 19 20 21 22 23 24 25 26 27 |
---------------+----------------------------------------------------------------------------------+-----
Fighting       | 9 10 13 14 16 19 25 27 | 27.0
Axes           | 8 10 13 15 17 20 27 | 27.0
Throwing       | 3 4 5 6 7 8 19 27 | 27.0
Armour         | 2 3 4 5 6 7 8 9 22 27 | 27.0
Dodging        | 10 11 13 14 16 17 21 23 27 | 27.0
Spellcasting   | 15 17 21 23 25 27 | 27.0
Short Blades   | 7 11 14 17 21 27 | 27.0
Long Blades    | 7 11 14 17 21 27 | 27.0
Maces & Flails | 6 10 13 16 19 27 | 27.0
Polearms       | 6 10 13 16 19 27 | 27.0
Staves         | 7 11 14 17 21 27 | 27.0
Slings         | 6 10 13 16 19 27 | 27.0
Bows           | 6 10 13 16 19 27 | 27.0
Crossbows      | 6 10 13 16 19 27 | 27.0
Stealth        | 7 11 14 17 27 | 27.0
Shields        | 7 11 14 17 18 21 27 | 27.0
Unarmed Combat | 7 11 14 17 18 21 27 | 27.0
Invocations    | 7 11 14 17 18 21 27 | 27.0
Evocations     | 7 11 14 17 18 21 27 | 27.0

Action                   |  1- 3 |  4- 6 |  7- 9 | 10-12 | 13-15 | 16-18 | 19-21 | 22-24 | 25-27 || total
-------------------------+-------+-------+-------+-------+-------+-------+-------+-------+-------++-------
Melee: Executioner's axe |     1 |       |       |     4 |     5 |    13 |    19 |    18 |   186 ||   246
 Cast: Manifold Assault  |       |       |       |     2 |     2 |     5 |     6 |    11 |    74 ||   100
  Use: Potion            |     1 |       |       |       |       |       |       |       |       ||     1
Armor: Leather armour    |       |       |       |       |       |       |       |       |     5 ||     5
Dodge: Dodged            |       |       |       |       |       |       |       |       |     4 ||     4
